AoeStats
← YuChang

Black Forest

506447935Analyzed
4v4 RM · 18d ago on Sep 13, 2026· 49m 39s· 8 players
Game mode
Random Map
Map size
Large (8 player)
Population
200
Speed
Normal
Resources
Standard
Victory
Conquest
Starting age
Dark Age
Ending age
Imperial Age
RankedLock teamsTeams togetherTeam positionsShared explorationLock speedFull tech treeHidden civsTurbo modeCheats
Victory
Defeat
🇨🇴 Tupi · Colombia
1097
+12
🇦🇷 Cumans · Argentina
1087
+12
🇨🇴 Burgundians · Colombia
1074
+12
🇨🇷 Franks · Costa Rica
692
+27
🇹🇼 Chinese · Taiwan
1012
-16
🇮🇹 Turks · Italy
988
-16
🇹🇼 Persians · Taiwan
984
-16
🇨🇳 Franks · China
970
-15
YuChang
11:14 Feudal Age
12:05 Horse Collar
15:36 Double-Bit Axe
18:53 Castle Age
16:57 Gold Mining
18:34 Stone Mining
21:46 Wheelbarrow
22:19 Bow Saw
23:40 Husbandry
24:09 Forging
25:47 Hand Cart
26:24 Gold Shaft Mining
26:21 Heavy Plow
27:27 Stone Shaft Mining
27:56 Bloodlines
29:16 Ballistics
30:34 Scale Barding Armor
31:04 Iron Casting
35:29 Imperial Age
32:47 Loom
34:41 Chain Barding Armor
34:22 Scale Mail Armor
34:57 Pikeman
35:39 Squires
35:25 Gambesons
36:23 Halberdier
38:25 Blast Furnace
38:21 Conscription
38:58 Elite War Elephant
40:42 Crop Rotation
44:45 Plate Barding Armor
44:26 Chain Mail Armor
一直嬉皮笑臉
6:13 Loom
16:40 Feudal Age
17:51 Double-Bit Axe
21:07 Castle Age
20:55 Wheelbarrow
22:43 Bow Saw
22:26 Stone Mining
22:41 Horse Collar
25:50 Heavy Plow
26:50 Gold Mining
27:09 Crossbowman
27:55 Thumb Ring
30:05 Ballistics
29:58 Fortified Wall
30:04 Fletching
30:15 Padded Archer Armor
31:47 Hand Cart
33:27 Gold Shaft Mining
33:33 Stone Shaft Mining
34:08 Thumb Ring
36:48 Imperial Age
35:05 Great Wall
36:08 Bodkin Arrow
36:28 Leather Archer Armor
35:36 Elite Skirmisher
38:00 Conscription
38:54 Chemistry
38:07 Masonry
37:22 Arbalester
39:01 Pikeman
44:52 Halberdier
45:33 Squires
45:18 Arson
46:30 Forging
49:46 Rocketry
Korshent
0:27 Loom
13:02 Feudal Age
19:06 Castle Age
18:14 Double-Bit Axe
26:35 Bow Saw
34:36 Husbandry
45:05 Wheelbarrow
44:15 Town Watch
44:12 Horse Collar
48:19 Imperial Age
46:06 Hand Cart
48:19 Forging
随风
0:33 Loom
11:24 Feudal Age
11:50 Double-Bit Axe
17:34 Castle Age
21:14 Husbandry
21:23 Scale Barding Armor
21:29 Forging
21:25 Gold Mining
21:25 Stone Mining
22:02 Stone Mining
26:25 Bow Saw
31:47 Pikeman
33:08 Scale Mail Armor
33:43 Iron Casting
33:24 Squires
33:09 Arson
34:20 Chain Barding Armor
34:18 Chain Mail Armor
39:20 Imperial Age
38:55 Gold Shaft Mining
39:12 Wheelbarrow
Dani120588
0:36 Loom
14:33 Feudal Age
20:00 Castle Age
18:18 Stone Mining
18:19 Double-Bit Axe
27:18 Wheelbarrow
31:20 Imperial Age
32:08 Onager
32:11 Cavalier
32:54 Husbandry
33:01 Scale Barding Armor
33:58 Hand Cart
34:15 Bow Saw
34:18 Forging
35:01 Paladin
38:01 Chain Barding Armor
38:18 Iron Casting
37:34 Fletching
43:50 Squires
43:35 Arson
43:52 Scale Mail Armor
44:56 Plate Barding Armor
44:43 Pikeman
45:09 Gambesons
45:41 Chain Mail Armor
[CCMNG]JhonStrong
13:07 Feudal Age
11:41 Double-Bit Axe
16:59 Castle Age
15:27 Bow Saw
21:40 Wheelbarrow
21:53 Gold Mining
22:38 Horse Collar
25:26 Stone Mining
27:05 Scale Barding Armor
29:16 Two-Man Saw
31:20 Padded Archer Armor
31:10 Fletching
34:50 Imperial Age
32:41 Hand Cart
32:13 Loom
32:17 Town Watch
33:01 Ballistics
33:40 Heavy Plow
34:18 Gold Shaft Mining
34:19 Stone Shaft Mining
33:52 Town Patrol
34:06 Pikeman
36:50 Cavalier
36:57 Elite Skirmisher
37:58 Leather Archer Armor
37:39 Bodkin Arrow
40:21 Bracer
43:11 Chemistry
43:58 Scale Mail Armor
44:09 Forging
44:45 Halberdier
46:23 Chain Mail Armor
46:44 Iron Casting
47:58 Plate Mail Armor
Tomy25142
12:27 Feudal Age
13:23 Double-Bit Axe
13:30 Gold Mining
15:17 Loom
25:59 Castle Age
24:36 Forging
25:15 Bloodlines
25:12 Scale Barding Armor
27:23 Iron Casting
27:09 Bow Saw
30:18 Chain Barding Armor
30:49 Wheelbarrow
36:02 Imperial Age
35:13 Capped Ram
36:16 Town Watch
37:45 Plate Barding Armor
40:25 Blast Furnace
39:51 Elite Steppe Lancer
41:29 Conscription
41:23 Devotion
41:46 Hand Cart
41:31 Town Patrol
50:07 Fletching
50:17 Padded Archer Armor
THE VIPER DANNY
0:32 Loom
16:25 Feudal Age
16:45 Champi Runner
26:11 Castle Age
26:23 Double-Bit Axe
26:20 Pikeman
28:33 Forging
34:59 Scale Mail Armor
39:39 Imperial Age
37:42 Fletching
39:14 Squires
40:37 Bodkin Arrow
40:42 Padded Archer Armor
45:30 Halberdier
47:40 Leather Archer Armor
Connection lost

Rejoining the realm…

Still unreachable

The connection could not be restored.

Session expired

The server has moved on; the page needs a fresh start.